 Dungeon Crawl Stone Soup version 0.27.1 (webtiles) character file.

Game seed: 4013619605198328210

4177 Ereth the Grappler (level 10, -4/92 HPs)
             Began as a Troll Fighter on Aug 22, 2021.
             Was an Elder of Okawaru.
             Slain by a centaur (10 damage)
             ... on level 8 of the Dungeon.
             The game lasted 00:29:59 (6087 turns).

Ereth the Grappler (Troll Fighter)                  Turns: 6087, Time: 00:29:59

Health: -4/92      AC:  4    Str: 28    XL:     10   Next: 8%
Magic:  9/9        EV: 10    Int:  4    God:    Okawaru [****..]
Gold:   292        SH: 10    Dex: 10    Spells: 9/9 levels left

rFire    + + .     SeeInvis .     - Unarmed
rCold    + + .     Faith    .   b - +0 kite shield
rNeg     . . .     Spirit   .   t - +0 robe {rC+ rF+}
rPois    .         Reflect  .   (helmet restricted)
rElec    .         Harm     .   (no cloak)
rCorr    .         Rampage  .   (gloves unavailable)
Will     .....                  (boots unavailable)
Stlth    +.........             r - amulet of the acrobat
HPRegen  1.25/turn              h - ring of protection from fire
MPRegen  0.11/turn              q - ring of protection from cold

@: no status effects
A: large, unfitting armour, claws 3, regeneration 1, shaggy fur 1, tough skin 1
a: Renounce Religion, Heroism


You were on level 8 of the Dungeon.
You worshipped Okawaru.
Okawaru was greatly pleased with you.
You visited 2 branches of the dungeon, and saw 9 of its levels.

You collected 428 gold pieces.
You spent 136 gold pieces at shops.

Inventory:

Hand Weapons
 d - the +8 demon trident "Rift" {distort, reach+}
   (You found it on level 8 of the Dungeon)

   It warps and distorts space around it, and may blink, banish, or inflict
   extra damage upon those it strikes.
   Unwielding it can cause banishment or high damage.
   It can reach especially far, and its reaching attacks ignore other creatures
   in the way.
Missiles
 F - a throwing net (quivered)
Armour
 a - a +0 robe
 b - a +0 kite shield (worn)
 t - a +0 robe of resistance (worn)
Jewellery
 h - a ring of protection from fire (left claw)
 j - a ring of wizardry
 q - a ring of protection from cold (right claw)
 r - an amulet of the acrobat (around neck)
 x - a +6 ring of intelligence
 y - an amulet of guardian spirit
Wands
 A - a wand of paralysis (3)
 B - a wand of charming (5)
 G - a wand of acid (12)
 H - a wand of flame (5)
Scrolls
 f - 2 scrolls of fog
 i - a scroll of teleportation
 m - 2 scrolls of noise
 o - a scroll of vulnerability
 s - a scroll of immolation
 C - 2 scrolls of amnesia
Potions
 c - a potion of might
 g - 2 potions of degeneration
 k - 2 potions of attraction
 l - a potion of flight
 n - 2 potions of lignification {unknown}
 p - a potion of cancellation {unknown}
 u - a potion of mutation {unknown}
 v - a potion of heal wounds {unknown}
 w - 3 potions of curing
 z - 4 potions of magic {unknown}
 D - a potion of haste {unknown}


   Skills:
 + Level 4.0 Fighting
 + Level 6.1 Throwing
 + Level 5.1 Dodging
 + Level 1.3 Stealth
 + Level 5.6 Shields
 + Level 9.2 Unarmed Combat
 + Level 0.2 Evocations


You had 9 spell levels left.
You didn't know any spells.
Your spell library contained the following spells:

 Spells                   Type           Power      Damage    Failure   Level
 Blink                    Tloc           N/A        N/A       87%         2
 Lesser Beckoning         Tloc           0%         N/A       98%         3
 Portal Projectile        Hex/Tloc       0%         N/A       98%         3
 Summon Guardian Golem    Hex/Summ       0%         N/A       98%         3
 Leda's Liquefaction      Hex/Erth       0%         N/A       100%        4
 Blade Hands              Tmut           0%         N/A       100%        5
 Bolt of Magma            Conj/Fire/Erth 0%         4d4       100%        5
 Excruciating Wounds      Necr           0%         N/A       100%        5
 Manifold Assault         Tloc           0%         N/A       100%        5
 Statue Form              Tmut/Erth      0%         N/A       100%        6
 Orb of Destruction       Conj           0%         N/A       100%        7
 Spellforged Servitor     Conj/Summ      0%         N/A       100%        7


Dungeon Overview and Level Annotations

Branches:
Dungeon (8/15)             Temple (1/1) D:5
   Lair: D:8-11

Altars:
Ashenzari
Cheibriados
Dithmenos
Elyvilon
Fedhas
Gozag
Hepliaklqana
Kikubaaqudgha
Makhleb
Nemelex Xobeh
Okawaru
Qazlal
Ru
Sif Muna
Trog
Uskayaw
Vehumet
Wu Jian
Xom
Yredelemnul
Zin
The Shining One

Shops:
D:7 *

Annotations:
D:4 2 transporters, daidara's ghost, amateur DsGl
D:7 3 runed translucent doors, sanka's ghost, novice SpAK


Innate Abilities, Weirdness & Mutations

You are too large for most types of armour.
You have claws for hands.
Your natural rate of healing is unusually fast.
You are covered in fur. (AC +1)
You have tough skin. (AC +1)


Message History

Throw: 3 darts (atropa)
Press: ? - help, Q - select action, (/) - cycle Shift-Dir - straight line, f/p - orc
Aim: an orc, wielding a +0 short sword (62% to hit, chance to blind on hit: 100%)
You throw an atropa-tipped dart.
The atropa-tipped dart barely misses the orc.
Throw: 2 darts (atropa)
Press: ? - help, Q - select action, (/) - cycle Shift-Dir - straight line, f/p - orc
Aim: an orc, wielding a +0 short sword (62% to hit, chance to blind on hit: 100%)
You throw an atropa-tipped dart.
The atropa-tipped dart barely misses the orc.
Throw: dart (atropa)
Press: ? - help, Q - select action, (/) - cycle Shift-Dir - straight line, f/p - orc
Aim: an orc, wielding a +0 short sword (62% to hit, chance to blind on hit: 100%)
You throw an atropa-tipped dart. The atropa-tipped dart hits the orc!
The orc appears confused.
You mangle the orc!!
You kill the orc!
Okawaru accepts your kill.
A centaur comes into view.
It is wielding a +4 vorpal war axe and wearing the ring "Adghemei" {rN+ Slay+2}.
The centaur unwields a +4 vorpal war axe.
The centaur wields a +0 shortbow.
The centaur shoots an arrow.
The arrow closely misses you.
The centaur shoots an arrow.
You block the arrow.
The centaur shoots an arrow.
The arrow hits you!
The centaur shoots an arrow.
The arrow hits you!
You hear a shout!
You hear a howl!
The centaur shoots an arrow.
The arrow barely misses you.
You hear an angry hiss.
You see here an atropa-tipped dart.
The orc warrior shouts!
The centaur unwields a +0 shortbow.
The centaur wields a +4 vorpal war axe.
The centaur hits you with a +4 vorpal war axe!!
* * * LOW HITPOINT WARNING * * *
x2 You block the centaur's attack.
You barely miss the centaur. You block the centaur's attack.
The centaur kicks you.
* * * LOW HITPOINT WARNING * * *
The centaur hits you with a +4 vorpal war axe!
You die...

.. ...#.###$# .. .# ..
......###. ..# .. #....[#$#
#... .. #..###..##... ..
..##..##..#..#
.....##...##..#....###
...........##.)o..##.# ..
#.....#..###c###..## .
#.....#.....@(....## ##.
#........#.........#
.#..#..............)..[.#
>...#.....##................
.##..........................
.#..#.>.....########.....####
....#........##.##.........
..#.#...........#...........
..#....##.##..##............


You could see an orc warrior and a centaur.

Vanquished Creatures
  A manticore (D:8)
  A yak (D:8)
  A basilisk (D:8)
  A wyvern (D:8)
  A steam dragon (D:4)
  2 wargs
  Edmund (D:5)
  3 water moccasins (D:8)
  A black bear (D:8)
  A sky beast (D:6)
  An ice beast (D:6)
  An ogre (D:5)
  3 orc warriors
  2 centaurs
  2 bullfrogs
  2 scorpions
  A wyvern zombie (D:7)
  2 water moccasin skeletons
  3 wights (D:8)
  4 howler monkeys
  A bullfrog zombie (D:6)
  A centaur zombie (D:5)
  A centaur skeleton (D:6)
  2 hounds (D:6)
  2 jellies
  5 orc priests
  2 gnoll shamans
  A bullfrog skeleton (D:5)
  An iguana (D:5)
  8 orc wizards
  4 killer bee zombies
  A howler monkey zombie (D:8)
  14 gnolls
  A howler monkey skeleton (D:6)
  7 adders
  2 white imps
  2 ufetubi
  An adder skeleton (D:4)
  A worm (D:3)
  A dart slug (D:4)
  19 orcs
  5 bats
  2 endoplasms (D:2)
  6 giant cockroaches
  5 goblins
  5 hobgoblins
  3 jackals (D:3)
  2 quokkas
  6 ball pythons
  2 frilled lizards
  6 kobolds
  A quokka skeleton (D:4)
  6 rats
160 creatures vanquished.

Vanquished Creatures (others)
  A plant (D:8)
1 creature vanquished.

Grand Total: 161 creatures vanquished

Notes
Turn   | Place    | Note
-------+----------+-------------------------------------------
     0 | D:1      | Ereth the Troll Fighter began the quest for the Orb.
     0 | D:1      | Reached XP level 1. HP: 22/22 MP: 0/0
    37 | D:1      | Found a faded altar of an unknown god.
   158 | D:1      | Reached XP level 2. HP: 29/29 MP: 1/1
   548 | D:2      | Reached XP level 3. HP: 21/36 MP: 2/2
   834 | D:2      | Reached XP level 4. HP: 43/44 MP: 3/3
  1531 | D:3      | Reached skill level 3 in Unarmed Combat
  1681 | D:3      | Reached skill level 1 in Throwing
  1725 | D:3      | Reached XP level 5. HP: 50/50 MP: 4/4
  2074 | D:4      | Found a transporter.
  2075 | D:4      | Noticed daidara's ghost (amateur DsGl)
  2319 | D:4      | Noticed a steam dragon
  2323 | D:4      | Killed a steam dragon
  2324 | D:4      | Reached XP level 6. HP: 59/59 MP: 5/5
  2384 | D:4      | Identified the +0 leather armour of Sunlight {Slay+5}
  2519 | D:4      | Found a transporter.
  2606 | D:5      | Entered Level 5 of the Dungeon
  2617 | D:4      | Reached skill level 4 in Unarmed Combat
  2811 | D:5      | Reached XP level 7. HP: 64/66 MP: 6/6
  2853 | D:5      | Found a staircase to the Ecumenical Temple.
  2872 | Temple   | Entered the Ecumenical Temple
  2896 | Temple   | Became a worshipper of Warmaster Okawaru
  3047 | D:5      | Found a stormy altar of Qazlal.
  3053 | D:5      | Noticed Edmund
  3068 | D:5      | Killed Edmund
  3069 | D:5      | Reached skill level 5 in Unarmed Combat
  3531 | D:6      | Reached XP level 8. HP: 75/75 MP: 7/7
  3552 | D:6      | Reached * piety under Okawaru
  3849 | D:6      | Reached skill level 6 in Unarmed Combat
  4426 | D:6      | Found a hazy altar of Hepliaklqana.
  4466 | D:6      | Found a burning altar of Makhleb.
  4468 | D:6      | Found an opulent altar of Gozag.
  4667 | D:7      | Reached ** piety under Okawaru
  4672 | D:7      | Reached skill level 1 in Stealth
  4894 | D:7      | Found Kudaj's Assorted Antiques.
  4952 | D:7      | Bought a scroll labelled XIME OPNYJOI for 34 gold pieces
  4952 | D:7      | Bought a scroll labelled JUODYPNATH for 34 gold pieces
  4952 | D:7      | Bought a scroll labelled XIME OPNYJOI for 34 gold pieces
  4952 | D:7      | Bought a scroll labelled EPRIRA WOIJOF for 34 gold pieces
  5040 | D:7      | Found a runed translucent gate.
  5040 | D:7      | Found a runed translucent gate.
  5040 | D:7      | Found a runed translucent gate.
  5082 | D:7      | Noticed sanka's ghost (novice SpAK)
  5103 | D:7      | Reached skill level 7 in Unarmed Combat
  5430 | D:7      | Reached XP level 9. HP: 83/83 MP: 8/8
  5596 | D:8      | Reached skill level 5 in Throwing
  5668 | D:8      | Reached *** piety under Okawaru
  5672 | D:8      | Reached skill level 5 in Shields
  5691 | D:8      | Found the +8 demon trident "Rift" {distort, reach+}
  5698 | D:8      | Reached skill level 8 in Unarmed Combat
  5955 | D:8      | Reached **** piety under Okawaru
  5956 | D:8      | Reached skill level 5 in Dodging
  5987 | D:8      | Noticed a manticore
  6015 | D:8      | Killed a manticore
  6016 | D:8      | Reached skill level 9 in Unarmed Combat
  6016 | D:8      | Reached XP level 10. HP: 83/92 MP: 9/9
  6082 | D:8      | Identified the ring "Adghemei" {rN+ Slay+2}
  6087 | D:8      | Slain by a centaur

Illustrated notes

Levels and vault maps discovered:
D:1:      psy_arrival_spokes, layout_rooms, hellmonk_ecumenical_altar_run_dry
D:2:      layout_loops_ring
D:3:      layout_loops_cross
D:4:      layout_loops_corners, gammafunk_ghost_arena
D:5:      layout_loops_ring, nicolae_qazlal_general_emergency,
          minmay_temple_entry_offerings, uniq_edmund
D:6:      layout_loops_corners, minitemple, grunt_ministairs_8
D:7:      layout_gridville, serial_shops, nicolae_shop_trees,
          gammafunk_ghost_icy, chequers_serial_rivers_micro_b, minmay_between
D:8:      minmay_the_grid_octo_triangle [minmay_the_grid_octo_fat_diamond,
          minmay_the_grid_octo_prize_single_spiral,
          minmay_the_grid_octo_pinwheel], layout_cave_pools,
          erik_lair_orcish_takeover, minmay_joined_circles
Temple:   compressed_dpeg_circular_temple

Skill      XL: |  1  2  3  4  5  6  7  8  9 |
---------------+----------------------------+-----
Shields        | 3 4 5 |  5.6
Unarmed Combat | 3 4 5 7 9 |  9.2
Throwing       | 1 2 3 4 6 |  6.1
Dodging        | 3 4 5 |  5.1
Fighting       | 3 4 |  4.0
Stealth        | 1 |  1.3
Evocations     | |  0.2

Action                   |  1- 3 |  4- 6 |  7- 9 | 10-12 || total
-------------------------+-------+-------+-------+-------++-------
Melee: Unarmed           |    75 |   114 |   270 |    12 ||   471
Throw: Boomerang         |    13 |    45 |    87 |       ||   145
       Dart              |       |       |     6 |     3 ||     9
Evoke: Wand              |       |       |     7 |     1 ||     8
  Use: Scroll            |       |       |    11 |     1 ||    12
Armor: Robe              |    20 |    29 |    44 |     1 ||    94
Dodge: Dodged            |    26 |    49 |    70 |     7 ||   152
Block: Kite shield       |    36 |    44 |   121 |     3 ||   204
